 Dungeon Crawl Stone Soup version 0.24.0-125-gc4c63601f3 (webtiles) character file.

Game seed: 12503644290138888064, levelgen mode: deterministic

9175 Mrkan the Carver (level 11, -3/89 HPs)
             Began as a Minotaur Fighter on Feb 24, 2020.
             Was a High Priest of Ru.
             Slain by a manticore (18 damage)
             ... on level 11 of the Dungeon.
             The game lasted 00:17:16 (9343 turns).

Mrkan the Carver (Minotaur Fighter)                 Turns: 9343, Time: 00:17:16

Health: -3/89      AC: 17    Str: 24    XL:     11   Next: 19%
Magic:  10/10      EV:  6    Int:  5    God:    Ru [*****.]
Gold:   515        SH: 12    Dex: 12    Spells: 10/10 levels left

rFire    + . .     SeeInvis .   s - +4 scimitar "Hoicae" {venom, rF+ Str+2 Stlth+}
rCold    + . .     Gourm    .   c - +0 shield
rNeg     . . .     Faith    .   D - +0 plate armour
rPois    .         Spirit   .   (helmet restricted)
rElec    .         Reflect  .   p - +0 cloak
rCorr    .         Harm     .   (no gloves)
MR       .....                  b - +0 pair of boots (curse)
Stlth    ..........             (no amulet)
HPRegen  0.24/turn              E - ring of stealth
MPRegen  0.12/turn              r - ring of protection from cold

@: no status effects
A: retaliatory headbutt, horns 2, frail 1, inability to use devices, hated by
all
a: Draw Out Power, Power Leap, Apocalypse, Renounce Religion


You were on level 11 of the Dungeon.
You worshipped Ru.
Ru was extremely pleased with you.
You were not hungry.

You visited 1 branch of the dungeon, and saw 11 of its levels.

You collected 515 gold pieces.

Inventory:

Hand Weapons
 s - the +4 scimitar "Hoicae" (weapon) {venom, rF+ Str+2 Stlth+}
   (You found it on level 5 of the Dungeon)

   It poisons the flesh of those it strikes.
   It affects your strength (+2).
   It protects you from fire.
   It makes you more stealthy.
 t - a +2 hand axe of venom
Armour
 b - a cursed +0 pair of boots (worn)
 c - a +0 shield (worn)
 p - a +0 cloak (worn)
 w - a +0 pair of gloves
 D - a +0 plate armour (worn)
Jewellery
 q - a +4 ring of strength {unknown}
 r - a ring of protection from cold (right hand)
 E - a ring of stealth (left hand)
 F - a +3 ring of strength {unknown}
 G - an uncursed ring of wizardry {unknown}
Scrolls
 a - a scroll of torment {unknown}
 e - 8 scrolls of teleportation
 h - 4 scrolls of identify
 k - 3 scrolls of remove curse
 m - 2 scrolls of magic mapping
 n - a scroll of blinking {unknown}
 v - 2 scrolls of enchant armour {unknown}
 x - a scroll of fog {unknown}
 y - a scroll of fear {unknown}
 B - a scroll of vulnerability {unknown}
Potions
 d - a potion of might
 g - 4 potions of curing
 i - a potion of resistance
 j - 3 potions of mutation
 l - 2 potions of flight {unknown}
 o - 3 potions of cancellation
 u - 2 potions of heal wounds
 z - 2 potions of degeneration
 A - 2 potions of agility
 C - a potion of ambrosia {unknown}
 H - a potion of lignification {unknown}
Comestibles
 f - 15 rations


   Skills:
 + Level 10.1 Fighting
 * Level 11.8 Long Blades
 - Level 6.0 Axes
 + Level 10.1 Armour
 + Level 10.0 Shields


You had 10 spell levels left.
You didn't know any spells.
Your spell library contained the following spells:

 Spells                   Type           Power        Failure   Level  Hunger
 Pain                     Necr           #...         100%        1    ##.....
 Sandblast                Erth           #.....       100%        1    ##.....
 Passwall                 Tmut/Erth      #.......     100%        2    ###....
 Regeneration             Chrm/Necr      #.........   100%        3    ####...
 Stone Arrow              Conj/Erth      #.....       100%        3    ####...
 Vampiric Draining        Necr           #.........   100%        3    ####...
 Petrify                  Tmut/Erth      #.......     100%        4    #####..
 Lee's Rapid Deconstruct  Erth           #.........   100%        5    ######.
 Animate Skeleton         Necr           Unusable     N/A         1    N/A
 Summon Small Mammal      Summ           Unusable     N/A         1    N/A
 Call Imp                 Summ           Unusable     N/A         2    N/A
 Call Canine Familiar     Summ           Unusable     N/A         3    N/A
 Summon Guardian Golem    Hex/Summ       Unusable     N/A         3    N/A
 Animate Dead             Necr           Unusable     N/A         4    N/A
 Summon Ice Beast         Ice/Summ       Unusable     N/A         4    N/A
 Summon Lightning Spire   Summ/Air       Unusable     N/A         4    N/A

Dungeon Overview and Level Annotations

Branches:
Dungeon (11/15)            Temple (0/1) D:6
   Lair: D:8-11         Orc: D:9-12

Altars:
Ashenzari
Cheibriados
Dithmenos
Kikubaaqudgha
Nemelex Xobeh
Okawaru
Ru
Trog
Uskayaw
Zin

Shops:
D:6 [   D:8 }


Innate Abilities, Weirdness & Mutations

You reflexively headbutt those who attack you in melee.
You have a pair of horns on your head.
You are frail. (-10% HP)
You cannot study or use magical devices.
You are hated by all.


Message History

The manticore bites you! The manticore claws you.
The manticore claws you but does no damage.
You slash the manticore!
The manticore is poisoned.
The manticore is lightly wounded.
You closely miss the manticore. Your headbutt misses the manticore.
The manticore is lightly wounded.
You carefully extract the barbed spikes from your body.
The manticore bites you!
* * * LOW HITPOINT WARNING * * *
You block the manticore's attack. The manticore claws you.
* * * LOW HITPOINT WARNING * * *
You completely miss the manticore.
The manticore is lightly wounded.
You block the manticore's attack. The manticore claws you!
* * * LOW HITPOINT WARNING * * *
You block the manticore's attack.
Your plate armour prevents you from hitting the manticore.
The manticore is lightly wounded.
The manticore bites you!!
You die...

.........#.##.##.#
.........#.##..#(#
.........#.###.#.#
.........#.###.#.#######
...).....#.............#
###.##########.#.#####.
###.# #.#†##### .##)#
#.#)#... ..).# #.#@#.##
.#### #.#)H..# .#
#....#.# .# ###...... .#
##..#### .# .... .#
..8.. .# ...... ##
........


You could see a manticore.

Vanquished Creatures
  A hydra (D:6)
  A two-headed ogre (D:10)
  A cyclops (D:11)
  An ugly thing (D:11)
  A manticore (D:11)
  Joseph (D:7)
  2 trolls
  2 hornets (D:11)
  3 hippogriffs
  Sigmund (D:3)
  A spriggan (D:10)
  4 yaks (D:7)
  A warg (D:11)
  2 water moccasins (D:10)
  4 orc warriors (D:11)
  4 ice beasts
  3 sky beasts
  A black bear (D:11)
  A centaur (D:5)
  4 ogres
  A big kobold (D:9)
  6 bullfrogs
  6 scorpions
  5 killer bees (D:8)
  6 wights
  3 howler monkeys
  3 crimson imps
  A bullfrog zombie (D:7)
  An iron imp (D:7)
  3 orc priests
  4 jellies
  3 bullfrog skeletons
  4 hounds
  Crazy Yiuf (D:3)
  12 orc wizards
  Terence (D:3)
  An iguana (D:8)
  8 worker ants
  A killer bee zombie (D:6)
  A hound zombie (D:8)
  3 worker ant zombies
  13 adders
  4 shadow imps
  An ooze (D:3)
  2 adder skeletons
  3 worms
  2 leopard geckos
  39 orcs
  A ball python (D:6)
  6 bats
  3 giant cockroaches
  7 goblins
  10 hobgoblins
  4 jackals
  10 kobolds
  3 quokkas
  A ball python zombie (D:6)
  2 frilled lizards
  A jackal skeleton (D:8)
  A quokka skeleton (D:6)
  A quokka zombie (D:6)
  7 rats
234 creatures vanquished.

Vanquished Creatures (others)
  A phantom (D:6)
  An orc wizard (D:11)
  An orc (D:7)
  A plant (D:11)
4 creatures vanquished.

Grand Total: 238 creatures vanquished

Notes
Turn   | Place    | Note
-------+----------+-------------------------------------------
     0 | D:1      | Mrkan the Minotaur Fighter began the quest for the Orb.
     0 | D:1      | Reached XP level 1. HP: 19/19 MP: 0/0
   261 | D:1      | Reached XP level 2. HP: 23/27 MP: 1/1
   625 | D:2      | Found a glowing silver altar of Zin.
   629 | D:2      | Reached XP level 3. HP: 28/33 MP: 2/2
   637 | D:2      | Found a sacrificial altar of Ru.
   640 | D:2      | Found a hide-covered altar of Uskayaw.
   643 | D:2      | Found an ancient bone altar of Kikubaaqudgha.
   649 | D:2      | Became a worshipper of Ru the Awakened
  1056 | D:2      | Found a sparkling altar of Nemelex Xobeh.
  1326 | D:2      | Reached XP level 4. HP: 40/40 MP: 3/3
  1398 | D:3      | Noticed Sigmund
  1423 | D:3      | Killed Sigmund
  1423 | D:3      | Reached skill level 5 in Axes
  1423 | D:3      | Reached XP level 5. HP: 9/47 MP: 4/4
  1690 | D:3      | Noticed Terence
  1694 | D:3      | Killed Terence
  1694 | D:3      | Reached XP level 6. HP: 52/55 MP: 5/5
  1908 | D:3      | Reached skill level 5 in Armour
  1908 | D:3      | Reached skill level 5 in Shields
  1911 | D:3      | Reached skill level 5 in Fighting
  1950 | D:3      | Gained mutation: You are frail. (-10% HP) [Ru sacrifice]
  1950 | D:3      | Reached * piety under Ru
  1950 | D:3      | Reached ** piety under Ru
  2323 | D:3      | Found a runed translucent door.
  2324 | D:3      | Noticed Crazy Yiuf
  2381 | D:3      | Killed Crazy Yiuf
  3375 | D:5      | Entered Level 5 of the Dungeon
  3389 | D:5      | Got a pitted scimitar
  3390 | D:5      | Identified the +4 scimitar "Hoicae" {venom, rF+ Str+2
                  | Stlth+} (You found it on level 5 of the Dungeon)
  3403 | D:5      | Reached skill level 1 in Long Blades
  3403 | D:5      | Reached XP level 7. HP: 37/54 MP: 6/6
  3464 | D:5      | Reached skill level 2 in Long Blades
  3693 | D:5      | Found a bloodstained altar of Trog.
  3900 | D:6      | Found a staircase to the Ecumenical Temple.
  3904 | D:6      | Reached skill level 3 in Long Blades
  4080 | D:6      | Reached skill level 4 in Long Blades
  4080 | D:6      | Reached XP level 8. HP: 55/63 MP: 7/7
  4184 | D:6      | Noticed an eight-headed hydra
  4188 | D:6      | Gained mutation: You are hated by all. [Ru sacrifice]
  4188 | D:6      | Reached *** piety under Ru
  4189 | D:6      | Killed an eight-headed hydra
  4189 | D:6      | Reached skill level 6 in Long Blades
  4277 | D:6      | Found a shattered altar of Ashenzari.
  4396 | D:6      | Reached XP level 9. HP: 55/71 MP: 8/8
  4420 | D:6      | Reached skill level 7 in Long Blades
  4584 | D:6      | Found Cukhuemo's Armour Boutique.
  4768 | D:6      | Found an iron altar of Okawaru.
  4943 | D:7      | Noticed Joseph
  4951 | D:7      | Killed Joseph
  5309 | D:7      | Found a snail-covered altar of Cheibriados.
  5314 | D:7      | Reached skill level 8 in Long Blades
  5682 | D:7      | Reached skill level 9 in Long Blades
  5819 | D:8      | Found a shadowy altar of Dithmenos.
  5825 | D:8      | Reached XP level 10. HP: 78/81 MP: 9/9
  6154 | D:8      | Found Mofaer's Gadget Shop.
  6281 | D:9      | Gained mutation: You cannot study or use magical devices.
                  | [Ru sacrifice]
  6281 | D:9      | Reached **** piety under Ru
  6281 | D:9      | Reached ***** piety under Ru
  6405 | D:9      | Reached skill level 10 in Long Blades
  6886 | D:10     | Entered Level 10 of the Dungeon
  6987 | D:10     | Noticed a two-headed ogre
  6996 | D:10     | Killed a two-headed ogre
  8272 | D:11     | Noticed a cyclops
  8288 | D:11     | Paralysed by a hornet for 1 turns
  8289 | D:11     | Killed a cyclops
  8289 | D:11     | Reached skill level 11 in Long Blades
  8641 | D:11     | Noticed a manticore
  8663 | D:11     | Killed a manticore
  8715 | D:11     | Noticed a red ugly thing
  8716 | D:11     | Reached XP level 11. HP: 48/89 MP: 10/10
  8737 | D:11     | Killed a red ugly thing
  9151 | D:11     | Reached skill level 10 in Fighting
  9291 | D:11     | Reached skill level 10 in Armour
  9306 | D:11     | Reached skill level 10 in Shields
  9343 | D:11     | Slain by a manticore

Levels and vault maps discovered:
D:1:      saegor_arrival_simple_e, layout_basic, minmay_tromino_v4_c
D:2:      layout_loops_ring, nemelex_xobeh_ov_fountains_minmay,
          grunt_temple_overflow_cloverleaf, first_ration
D:3:      layout_loops_ring, uniq_terence, uniq_crazy_yiuf_cottage, uniq_sigmund
D:4:      layout_cave_pods
D:5:      layout_gridville, overflow_temple_1_default
D:6:      wander_river, layout_rooms, kennysheep_mini, marbit_many_paths,
          minmay_temple_entry_statues_fountains, serial_shops, shop,
          kennysheep_small_circle
D:7:      layout_basic, slow_altar_2, uniq_joseph
D:8:      layout_rooms, serial_shops, kennysheep_little_box,
          nicolae_dithmenos_through_a_glass_darkly
D:9:      layout_loops_ring
D:10:     layout_layer_cave, hangedman_decor_diamond_cutter, grunt_pizzeria
D:11:     layout_loops_corners, erik_lair_orcish_takeover, david_orc_2

Skill      XL: |  1  2  3  4  5  6  7  8  9 10 11 |
---------------+----------------------------------+-----
Axes           | 3 5 6 |  6.0
Shields        | 4 5 6 7 8 9 10 | 10.0
Fighting       | 4 5 6 7 8 9 10 | 10.1
Armour         | 4 5 6 7 8 9 10 | 10.1
Long Blades    | 1 4 6 9 11 | 11.8

Action                   |  1- 3 |  4- 6 |  7- 9 | 10-12 || total
-------------------------+-------+-------+-------+-------++-------
Melee: War axe           |   101 |    75 |       |       ||   176
       Headbutt          |    14 |    14 |    38 |    59 ||   125
       Hand axe          |       |     9 |       |       ||     9
       Scimitar          |       |     3 |   205 |   241 ||   449
Invok: Sacrifice Health  |       |     1 |       |       ||     1
       Sacrifice Love    |       |       |     1 |       ||     1
       Sacrifice Artific |       |       |       |     1 ||     1
       Reject Sacrifices |       |       |       |     1 ||     1
Evoke: Wand              |       |       |     3 |       ||     3
  Use: Scroll            |       |     1 |    11 |       ||    12
       Potion            |       |       |     1 |     1 ||     2
 Stab: Distracted        |       |       |     1 |     1 ||     2
       Invisible         |       |       |       |     4 ||     4
       Paralysed         |       |       |       |     1 ||     1
  Eat: Ration            |       |     1 |       |       ||     1
       Chunk             |       |     4 |     9 |    11 ||    24
Armor: Scale mail        |    46 |    30 |    55 |       ||   131
       Plate armour      |       |       |    30 |    74 ||   104
       Chain mail        |       |       |     4 |       ||     4
Dodge: Dodged            |    28 |    31 |    70 |    42 ||   171
Block: Shield            |    53 |    48 |   111 |   102 ||   314
       Rpst.: Scimitar   |       |       |    23 |    13 ||    36
